 Dungeon Crawl Stone Soup version 0.22-a0-69-g116c2a8 (webtiles) character file.

35 Amnesiac the Gusty (level 3, -2/22 HPs)
             Began as a Tengu Air Elementalist on Jan 11, 2018.
             Slain by a leopard gecko (3 damage)
             ... on level 2 of the Dungeon.
             The game lasted 00:01:52 (834 turns).

Amnesiac the Gusty (Tengu Air Elementalist)          Turns: 834, Time: 00:01:53

Health: -2/22      AC:  2    Str:  8    XL:     3   Next: 33%
Magic:  7/7        EV: 13    Int: 16    God:
Gold:   15         SH:  0    Dex: 14    Spells: 5/6 levels left

rFire    . . .     SeeInvis .   g - +1 short sword (venom)
rCold    . . .     Gourm    .   (no shield)
rNeg     . . .     Faith    .   a - +0 robe
rPois    .         Spirit   .   (helmet restricted)
rElec    .         Reflect  .   (no cloak)
rCorr    .         Harm     .   (no gloves)
MR       .....                  (boots unavailable)
Stlth    ++........             (no amulet)
HPRegen  0.07/turn              (no ring)
MPRegen  0.10/turn              (no ring)

@: no status effects
A: beak, talons 3
a: no special abilities


You were on level 2 of the Dungeon.
You were not hungry.

You visited 1 branch of the dungeon, and saw 2 of its levels.

You collected 15 gold pieces.

Inventory:

Hand Weapons
 g - a +1 short sword of venom (weapon)
Missiles
 e - 49 stones (quivered)
Armour
 a - a +0 robe (worn)
Jewellery
 h - a +3 ring of protection {unknown}
Scrolls
 d - a scroll of identify {!r, unknown}
Books
 b - a book of Air

   Spells                             Type                      Level
   a - Shock                          Conjuration/Air              1
   b - Swiftness                      Charms/Air                   2
   c - Static Discharge               Conjuration/Air              3
   d - Airstrike                      Air                          4
   e - Lightning Bolt                 Conjuration/Air              5
Comestibles
 c - 3 rations
 f - 10 chunks of flesh


   Skills:
 + Level 2.3 Fighting
 + Level 2.8 Dodging
 - Level 2.0 Stealth
 - Level 2.0 Spellcasting
 - Level 1.3 Conjurations
 - Level 4.0 Air Magic


You had 5 spell levels left.
You knew the following spells:

 Your Spells              Type           Power        Failure   Level  Hunger
a - Shock                 Conj/Air       ##..         7%          1    #......


Dungeon Overview and Level Annotations

Branches:
Dungeon (2/15)

Altars:


Innate Abilities, Weirdness & Mutations

You have a beak for a mouth.
You have claws for feet.


Message History

You open the large door.
Some of the chunks of flesh in your inventory have rotted away.
A rat comes into view.
The rat moves out of view.
Found a ration.
There is a large open door here.
No target in view!
A frilled lizard and a bat come into view.
The frilled lizard hisses angrily.
There is a large open door here.
Found a stone staircase leading down.
There are monsters nearby!
The rat barely misses you.
There are monsters nearby!
You hit the rat.
You kill the rat!
The bat misses you.
There are monsters nearby!
You closely miss the frilled lizard. You claw the frilled lizard.
You kill the frilled lizard!
The bat hits you.
A bat is nearby!
You barely miss the bat. The bat barely misses you.
A bat is nearby!
You hit the bat.
You kill the bat!
You butcher the frilled lizard corpse.
f - 8 chunks of flesh (gained 1)
You butcher the rat corpse.
f - 9 chunks of flesh (gained 1)
You butcher the bat corpse.
f - 10 chunks of flesh (gained 1)
h - a garnet ring No target in view!
c - 3 rations (gained 1)
There is a stone staircase leading down here.
You open the door.
There is an open door here.
A gnoll comes into view. It is wielding a spear.
The gnoll shouts!
The gnoll hits you with a spear!
Ouch! That really hurt!
* * * LOW HITPOINT WARNING * * *
The gnoll barely misses you.
There is an open door here.
There is a stone staircase leading down here.
The gnoll hits you from afar with a spear!
* * * LOW HITPOINT WARNING * * *
You climb downwards.
A leopard gecko, 2 rats and a kobold come into view.
The leopard gecko hisses angrily.
Found four items.
There is a stone staircase leading up here.
You aren't carrying any potions.
Okay, then.
You closely miss the leopard gecko.
You peck the leopard gecko, but do no damage.
The leopard gecko bites you.
* * * LOW HITPOINT WARNING * * *
You closely miss the leopard gecko. The leopard gecko barely misses you.
You hit the leopard gecko.
The leopard gecko is poisoned.
The leopard gecko is almost dead.
The leopard gecko bites you.
You die...

#.. .# #..#+#.##
#.......# .##
#.......# .r
.......### #.##
.........
#..###........ #
#$.K##@.......
#.♣...♣#l.......
#.......r.......
#...<...$.......
#.......######..
#......♣..## .
.?..........
.....$......#
............#


You could see a leopard gecko and a rat.

Vanquished Creatures
  2 leopard geckos (D:1)
  6 bats (D:1)
  A giant cockroach (D:1)
  5 goblins (D:1)
  5 hobgoblins (D:1)
  2 jackals (D:1)
  2 frilled lizards (D:1)
  3 kobolds (D:1)
  5 rats (D:1)
31 creatures vanquished.

Notes
Turn   | Place    | Note
-------+----------+-------------------------------------------
     0 | D:1      | Amnesiac the Tengu Air Elementalist began the quest for the Orb.
     0 | D:1      | Reached XP level 1. HP: 10/10 MP: 4/4
   133 | D:1      | Reached skill level 1 in Fighting
   180 | D:1      | Reached XP level 2. HP: 16/16 MP: 0/6
   540 | D:1      | Reached XP level 3. HP: 6/21 MP: 7/7
   831 | D:2      | HP: 1/22 [leopard gecko (4)]
   834 | D:2      | Slain by a leopard gecko

Vault maps used:
D:1:      dpeg_cavernosity, minmay_pentomino_p4
D:2:      grunt_ministairs_1, uniq_jessica

Skill      XL: |  1  2 |
---------------+-------+-----
Fighting       | 1 2 |  2.3
Dodging        | |  2.8
Stealth        | |  2.0
Spellcasting   | |  2.0
Conjurations   | |  1.3
Air Magic      | |  4.0

Action                   || total
-------------------------++-------
Melee: Short sword       ||    34
       Peck              ||     3
       Kick              ||     5
 Cast: Shock             ||    16
 Stab: Sleeping          ||     3
Armor: Robe              ||     1
Dodge: Dodged            ||    23

Table legend:
 A = Spawn XP
 B = Non-spawn XP
 C = Spawn XP percentage of total XP
 D = Spawn monster count
 E = Non-spawn monster count
 F = Spawn count percentage of total count
 G = Total turns spent on level
                    A         B        C        D         E        F      G
               +---------+---------+-------+---------+---------+-------+---------
         Total |       0 |      50 |   0.0 |       0 |      31 |   0.0 |   834
               +---------+---------+-------+---------+---------+-------+---------
           D:1 |       0 |      50 |   0.0 |       0 |      31 |   0.0 |   826
               +---------+---------+-------+---------+---------+-------+---------
